 Dungeon Crawl Stone Soup version 0.25.0-9-g26727b657a (webtiles) character file.

Game seed: 7617004808825829137

51245 Dirian the Fencer (level 14, 0/135 HPs)
             Began as a Minotaur Fighter on June 19, 2020.
             Slain by a 17-headed hydra (1 damage)
             ... on level 15 of the Dungeon.
             The game lasted 00:36:25 (17846 turns).

Dirian the Fencer (Minotaur Fighter)               Turns: 17846, Time: 00:36:25

Health: 0/135      AC: 17    Str: 23    XL:     14   Next: 22%
Magic:  8/20       EV:  9    Int:  5    God:
Gold:   692        SH: 13    Dex: 11    Spells: 13/13 levels left

rFire    . . .     SeeInvis +   b - +0 scimitar (elec)
rCold    . . .     Gourm    .   c - +1 kite shield
rNeg     . . .     Faith    .   v - +4 scale mail {MR+}
rPois    +         Spirit   .   (helmet restricted)
rElec    +         Reflect  .   C - +0 cloak
rCorr    .         Harm     .   (no gloves)
MR       ++...                  a - +1 pair of boots
Stlth    ..........             (no amulet)
HPRegen  0.32/turn              l - ring of see invisible
MPRegen  0.17/turn              z - ring "Wuramos" {rElec rPois Str-2 Slay+4}

@: invisible
A: retaliatory headbutt, horns 2
a: no special abilities


You were on level 15 of the Dungeon.
You were not hungry.

You visited 1 branch of the dungeon, and saw 15 of its levels.
You also visited: Sewer.

You collected 1363 gold pieces.
You spent 671 gold pieces at shops.

Inventory:

Hand Weapons
 b - a +0 scimitar of electrocution (weapon)
 M - a +1 antimagic demon blade
Armour
 a - a +1 pair of boots (worn)
 c - a +1 kite shield (worn)
 v - a +4 scale mail of magic resistance (worn)
 A - a +0 plate armour
 C - a +0 cloak (worn)
Jewellery
 l - a ring of see invisible (left hand)
 z - the ring "Wuramos" (right hand) {rElec rPois Str-2 Slay+4}
   (You found it on level 11 of the Dungeon)

   [ring of slaying]

   It affects your strength (-2).
   It affects your accuracy and damage with ranged weapons and melee attacks
   (+4).
   It insulates you from electricity.
   It protects you from poison.
 B - the ring of Phasing {EV+8}
   (You found it on level 11 of the Dungeon)

   [ring of evasion]

   It affects your evasion (+8).
 D - a +6 ring of strength
 F - an uncursed ring of protection from magic {unknown}
 G - an uncursed ring of protection from cold {unknown}
 J - a +4 ring of protection {unknown}
Wands
 d - a wand of flame (14)
 f - a wand of clouds (4)
 n - a wand of iceblast (18)
 p - a wand of acid (17)
Scrolls
 j - 3 scrolls of enchant armour
 r - 2 scrolls of identify
 s - 2 scrolls of blinking {unknown}
 t - 5 scrolls of teleportation
 u - 2 scrolls of fog
 w - a scroll of immolation
 x - 6 scrolls of remove curse
 y - 2 scrolls of magic mapping
Potions
 g - 2 potions of magic
 h - 3 potions of haste
 k - 3 potions of mutation
 m - a potion of berserk rage
 o - 3 potions of flight
 q - 7 potions of curing
 L - 2 potions of cancellation {unknown}
Miscellaneous
 i - 2 phantom mirrors
Comestibles
 e - 31 rations
 E - 10 chunks of flesh


   Skills:
 + Level 15.1 Fighting
 - Level 16.0 Long Blades
 + Level 11.3 Armour
 + Level 11.7 Shields
 * Level 9.6 Evocations


You had 13 spell levels left.
You didn't know any spells.
Your spell library contained the following spells:

 Spells                   Type           Power        Failure   Level  Hunger
 Animate Skeleton         Necr           N/A          86%         1    ##.....
 Apportation              Tloc           #.....       86%         1    ##.....
 Corona                   Hex            #......      86%         1    ##.....
 Pain                     Necr           #...         86%         1    ##.....
 Sandblast                Erth           #.....       86%         1    ##.....
 Summon Small Mammal      Summ           #...         86%         1    ##.....
 Passwall                 Tmut/Erth      #.......     95%         2    ###....
 Poisonous Vapours        Pois/Air       #.....       95%         2    ###....
 Confusing Touch          Hex            #.......     99%         3    ####...
 Conjure Flame            Conj/Fire      #.......     99%         3    ####...
 Gell's Gravitas          Tloc           #.........   99%         3    ####...
 Mephitic Cloud           Conj/Pois/Air  #.......     99%         3    ####...
 Stone Arrow              Conj/Erth      #.....       99%         3    ####...
 Vampiric Draining        Necr           #.........   99%         3    ####...
 Animate Dead             Necr           N/A          100%        4    #####..
 Petrify                  Tmut/Erth      #.......     100%        4    #####..
 Agony                    Necr           #.......     100%        5    ######.
 Lee's Rapid Deconstruct  Erth           #.........   100%        5    ######.
 Metabolic Englaciation   Hex/Ice        #.........   100%        5    ######.
 Yara's Violent Unravell  Hex/Tmut       #.........   100%        5    ######.
 Freezing Cloud           Conj/Ice/Air   #.........   100%        6    #######
 Ring of Flames           Chrm/Fire      #.........   100%        7    #######


Dungeon Overview and Level Annotations

Branches:
Dungeon (15/15)            Temple (0/1) D:7            Lair (0/6) D:11
    Orc (0/2) D:11         Vaults (0/5) D:13         Depths (0/5) D:15
  Sewer (visited)

Altars:
Ashenzari
Cheibriados
Dithmenos
Elyvilon
Hepliaklqana
Makhleb
Nemelex Xobeh
Qazlal
Trog
Wu Jian
Yredelemnul
Zin
The Shining One

Shops:
D:5 [   D:6 *   D:11 =[(   D:15 (

Annotations:
D:3 2 transporters, akello96's ghost, weakling GnSk
D:14 3 runed translucent doors, Roxanne; krystol's ghost, journeyman DsWn


Innate Abilities, Weirdness & Mutations

You reflexively headbutt those who attack you in melee.
You have a pair of horns on your head.


Message History

You chop one of the 16-headed hydra's heads off!
The 15-headed hydra grows two more!
You slash the 17-headed hydra!
The 17-headed hydra is severely wounded.
You see here 16 bolts.
You fade into invisibility!
You block the 17-headed hydra's attack. The 17-headed hydra bites you.
* * * LOW HITPOINT WARNING * * *
The 17-headed hydra barely misses you. The 17-headed hydra bites you!
* * * LOW HITPOINT WARNING * * *
The 17-headed hydra barely misses you. The 17-headed hydra closely misses you.
The 17-headed hydra barely misses you. You block the 17-headed hydra's attack.
The 17-headed hydra bites you but does no damage.
The 17-headed hydra barely misses you. You block the 17-headed hydra's attack.
The 17-headed hydra bites you but does no damage.
The 17-headed hydra bites you.
* * * LOW HITPOINT WARNING * * *
The 17-headed hydra barely misses you.
The 17-headed hydra bites you but does no damage.
The 17-headed hydra closely misses you. The 17-headed hydra bites you.
You die...

#...#...####.#.#####
#.###.......###....# #.#
##.#####.#.###.# #.# #.#
##.## #.# #.# #)# #.# #.#
#.# #.# #.# #.# ########.#
#.######.####.#
.........####...........<.#
#########......D@....######
##..#.≈...≈[...#######
.#......#...#..#
#####.####.##..########
#...#..#..........#
#.≈.#[≈###.######.#
##......#...# #........
####>####.###### #########
..#### #..#


You could see a 17-headed hydra.

Vanquished Creatures
  Jorgrun (D:14)
  An emperor scorpion (D:15)
  A dire elephant (D:15)
  Snorg (D:14)
  4 vault guards (D:13)
  A catoblepas (D:13)
  7 centaur warriors
  4 tengu warriors
  7 two-headed ogres
  3 skeletal warriors (D:14)
  An unseen horror (D:10)
  An unseen horror (shapeshifter) (D:15)
  Pikel (D:5)
  4 orc knights
  A wolf spider (D:13)
  8 ugly things
  3 manticores
  4 cyclopes
  A naga mage (D:15)
  A centaur zombie (D:15)
  Psyche (D:8)
  A kobold demonologist (D:11)
  3 komodo dragons
  2 gargoyles
  3 trolls
  A wind drake (shapeshifter) (D:13)
  2 hornets
  4 hippogriffs
  A harpy skeleton (D:13)
  A slime creature (D:11)
  A centaur simulacrum (D:15)
  2 wyverns
  Sigmund (D:5)
  3 shadows
  Eustachio (D:5)
  A wraith (D:14)
  A basilisk (D:11)
  14 yaks
  5 vampire mosquitoes
  2 hungry ghosts
  Edmund (D:4)
  Menkaure (D:5)
  An acid dragon (D:15)
  A water moccasin (D:6)
  2 black bears
  13 orc warriors
  2 ice beasts
  4 sky beasts
  An eye of draining (D:13)
  A phantom (D:8)
  7 ogres
  14 centaurs
  2 crocodiles (D:12)
  8 big kobolds
  Blork the orc (D:6)
  A gnoll sergeant (D:8)
  16 bullfrogs
  A water moccasin zombie (D:8)
  3 scorpions
  A water moccasin skeleton (D:11)
  9 killer bees
  17 wights
  4 howler monkeys
  8 crimson imps
  2 bullfrog zombies
  8 hounds
  6 jellies
  6 orc priests
  14 orc wizards
  9 centaur skeletons
  3 bullfrog skeletons
  9 iguanas
  10 worker ants
  A hound zombie (D:7)
  2 worker ant zombies
  18 adders
  9 gnolls
  3 river rats (Sewer)
  3 shadow imps
  2 oozes
  2 adder zombies
  4 adder skeletons
  3 worms
  3 dart slugs
  9 leopard geckos
  51 orcs
  9 bats
  7 giant cockroaches
  7 goblins
  5 hobgoblins
  8 jackals (D:7)
  39 kobolds
  7 quokkas
  6 ball pythons
  3 frilled lizards
  A leopard gecko skeleton (D:4)
  37 rats
  2 plants (D:11)
532 creatures vanquished.

Notes
Turn   | Place    | Note
-------+----------+-------------------------------------------
     0 | D:1      | Dirian the Minotaur Fighter began the quest for the Orb.
     0 | D:1      | Reached XP level 1. HP: 19/19 MP: 0/0
   134 | D:1      | Reached XP level 2. HP: 27/27 MP: 1/1
   321 | D:1      | Reached skill level 3 in Long Blades
   397 | D:1      | Reached XP level 3. HP: 33/33 MP: 2/2
   888 | D:2      | Found a shadowy altar of Dithmenos.
   992 | D:2      | Found a stormy altar of Qazlal.
   994 | D:2      | Noticed an air elemental
  1152 | D:2      | Found a snail-covered altar of Cheibriados.
  1212 | D:2      | Noticed a water elemental
  1212 | D:2      | Noticed a fire elemental
  1212 | D:2      | Noticed an earth elemental
  1474 | D:3      | Reached XP level 4. HP: 34/40 MP: 3/3
  1651 | D:3      | Found a transporter.
  1652 | D:3      | Noticed akello96's ghost (weakling GnSk)
  1653 | D:3      | Noticed an ogre
  1655 | D:3      | Noticed an ogre
  1664 | D:3      | Reached skill level 4 in Long Blades
  1724 | D:3      | Found a shadowy altar of Dithmenos.
  1873 | D:3      | Found a shattered altar of Ashenzari.
  2021 | D:3      | Reached XP level 5. HP: 45/46 MP: 4/4
  2409 | D:3      | Found a transporter.
  2474 | D:4      | Noticed an ogre
  2484 | D:4      | Reached skill level 5 in Long Blades
  2644 | D:4      | Found a glowing drain.
  2658 | Sewer    | Entered a sewer
  2852 | Sewer    | Reached XP level 6. HP: 53/53 MP: 5/5
  2867 | Sewer    | Reached skill level 5 in Armour
  2939 | Sewer    | Reached skill level 6 in Long Blades
  3047 | Sewer    | Reached skill level 7 in Long Blades
  3047 | Sewer    | Reached skill level 5 in Shields
  3047 | Sewer    | Reached XP level 7. HP: 59/60 MP: 6/6
  3251 | D:4      | Noticed Edmund
  3264 | D:4      | Killed Edmund
  3395 | D:4      | Reached skill level 8 in Long Blades
  3862 | D:5      | Entered Level 5 of the Dungeon
  3862 | D:5      | Noticed Menkaure
  3863 | D:5      | Noticed Eustachio
  3864 | D:5      | Killed Menkaure
  3864 | D:5      | Reached skill level 9 in Long Blades
  3864 | D:5      | Reached XP level 8. HP: 67/67 MP: 7/7
  3885 | D:5      | Killed Eustachio
  3885 | D:5      | Reached skill level 5 in Fighting
  4078 | D:5      | Noticed Pikel
  4085 | D:5      | Killed Pikel
  4085 | D:5      | Reached skill level 10 in Long Blades
  4150 | D:5      | Noticed Sigmund
  4157 | D:5      | Killed Sigmund
  4157 | D:5      | Reached skill level 11 in Long Blades
  4180 | D:5      | Reached XP level 9. HP: 61/75 MP: 8/8
  4290 | D:5      | Found Learam's Armour Shop.
  4382 | D:5      | Found a glowing golden altar of the Shining One.
  4480 | D:6      | Noticed Blork the orc
  4490 | D:6      | Killed Blork the orc
  4588 | D:6      | Found a sparkling altar of Nemelex Xobeh.
  4610 | D:6      | Found Zyirrainag's General Store.
  4637 | D:6      | Bought a potion of invisibility for 104 gold pieces
  4637 | D:6      | Bought a scroll of magic mapping for 45 gold pieces
  4817 | D:6      | Reached skill level 1 in Evocations
  4902 | D:6      | Found a white marble altar of Elyvilon.
  4921 | D:6      | Found a hazy altar of Hepliaklqana.
  5082 | D:7      | Found a staircase to the Ecumenical Temple.
  5112 | D:7      | Reached skill level 12 in Long Blades
  5338 | D:7      | Found a bloodstained altar of Trog.
  5338 | D:7      | Found a basalt altar of Yredelemnul.
  5340 | D:7      | Found a glowing silver altar of Zin.
  5645 | D:7      | Reached XP level 10. HP: 24/84 MP: 11/11
  6258 | D:8      | Noticed a tengu warrior
  6258 | D:8      | Noticed a tengu warrior
  6278 | D:8      | Killed a tengu warrior
  6282 | D:8      | Killed a tengu warrior
  6282 | D:8      | Reached skill level 13 in Long Blades
  6361 | D:8      | Found an ornate altar of the Wu Jian Council.
  6650 | D:8      | Noticed Psyche
  6659 | D:8      | Killed Psyche
  6744 | D:8      | Found a burning altar of Makhleb.
  7441 | D:9      | Noticed a two-headed ogre
  7443 | D:9      | Noticed a brown ugly thing
  7450 | D:9      | Killed a two-headed ogre
  7450 | D:9      | Reached skill level 14 in Long Blades
  7450 | D:9      | Reached skill level 5 in Evocations
  7450 | D:9      | Reached XP level 11. HP: 79/95 MP: 13/13
  7457 | D:9      | Killed a brown ugly thing
  8187 | D:10     | Entered Level 10 of the Dungeon
  8649 | D:10     | Killed an unseen horror
  8945 | D:10     | You fall into a shaft and drop 3 floors!
  9355 | D:13     | Noticed a centaur warrior
  9362 | D:13     | Killed a centaur warrior
  9413 | D:13     | Noticed a centaur warrior
  9424 | D:13     | Killed a centaur warrior
  9424 | D:13     | Reached skill level 10 in Fighting
  9586 | D:11     | Found Akhuid's Jewellery Shop.
  9658 | D:11     | Reached skill level 15 in Long Blades
  9950 | D:11     | Noticed a red ugly thing
  9960 | D:11     | Killed a red ugly thing
 10334 | D:11     | Found a staircase to the Lair.
 10513 | D:11     | Noticed a sun demon
 10515 | D:11     | Reached XP level 12. HP: 110/110 MP: 16/16
 10577 | D:11     | Identified the +2 robe of Card Tricks {rElec Regen+ Int+2}
 10794 | D:11     | Got a scorched steel ring
 10800 | D:11     | Found the ring of Phasing {EV+8}
 10928 | D:11     | Reached skill level 16 in Long Blades
 10971 | D:11     | Found Eluruav's Weapon Emporium.
 11089 | D:11     | Found a staircase to the Orcish Mines.
 11092 | D:11     | Found Kimismi's Armour Emporium.
 11528 | D:11     | Identified the ring "Wuramos" {rElec rPois Str-2 Slay+4}
                  | (You found it on level 11 of the Dungeon)
 11691 | D:12     | Noticed a two-headed ogre
 11703 | D:12     | Killed a two-headed ogre
 12282 | D:12     | Noticed a two-headed ogre
 12287 | D:12     | Killed a two-headed ogre
 12317 | D:12     | You fall into a shaft and drop 1 floor!
 12334 | D:13     | Noticed a catoblepas
 12361 | D:13     | Noticed a vault guard
 12362 | D:13     | Noticed a vault guard
 12363 | D:13     | Noticed a vault guard
 12762 | D:13     | Noticed a centaur warrior
 12796 | D:13     | Killed a centaur warrior
 12810 | D:13     | Killed a vault guard
 12827 | D:13     | Killed a catoblepas
 13251 | D:13     | Found a gate to the Vaults.
 13275 | D:13     | Killed a vault guard
 13275 | D:13     | Reached XP level 13. HP: 110/122 MP: 18/18
 14253 | D:13     | Reached skill level 10 in Shields
 14338 | D:14     | Reached skill level 10 in Armour
 14669 | D:14     | Identified Roxanne's Grimoire of Shape Shifting
 14669 | D:14     | Noticed Roxanne
 14890 | D:14     | Noticed Snorg
 14900 | D:14     | Killed Snorg
 15571 | D:14     | Noticed Jorgrun
 15581 | D:14     | Killed Jorgrun
 15855 | D:14     | Found a runed translucent gate.
 15856 | D:14     | Found a runed translucent gate.
 15857 | D:14     | Found a runed translucent gate.
 15893 | D:14     | Noticed krystol's ghost (journeyman DsWn)
 16066 | D:15     | Entered Level 15 of the Dungeon
 16690 | D:15     | Found Upikh's Antique Weapon Emporium.
 16698 | D:15     | Bought a glowing demon blade for 522 gold pieces
 16743 | D:15     | Reached XP level 14. HP: 110/133 MP: 6/20
 16846 | D:15     | Noticed an emperor scorpion
 16900 | D:15     | HP: 8/199 [emperor scorpion (11)]
 16904 | D:15     | Killed an emperor scorpion
 17329 | D:15     | Found a staircase to the Depths.
 17504 | D:15     | Reached skill level 15 in Fighting
 17846 | D:15     | HP: 3/135 [17-headed hydra (8)]
 17846 | D:15     | HP: 1/135 [17-headed hydra (2)]
 17846 | D:15     | Slain by a 17-headed hydra

Illustrated notes

Levels and vault maps discovered:
D:1:      sevenhm_arrival_forest_fort_small_3, layout_loops_ring
D:2:      layout_loops_cross, nicolae_qazlal_style_of_elements,
          cheibriados_altar_1, first_ration, st_stairs_3,
          nicolae_dithmenos_shadow_blocks
D:3:      layout_basic, evilmike_ruin_ashenzari, lemuel_round_altar,
          gammafunk_ghost_smash
D:4:      layout_basic, gup_sewer_entry_pipe, uniq_edmund
D:5:      layout_cave_pools, nicolae_tso_carved_into_rock, serial_shops,
          kennysheep_mini_moat, uniq_sigmund, uniq_pikel, uniq_menkaure,
          uniq_eustachio
D:6:      layout_rooms, nemelex_altar_shiori, kennysheep_little_box,
          lemuel_coloured_pillars_altar, serial_shops, shop_fountains,
          grunt_ministairs_4, uniq_blork_the_orc
D:7:      layout_rooms, nicolae_overflow_hidden_temple,
          minmay_temple_entry_proselytizer, grunt_ogre_cave
D:8:      layout_basic, old_standard_altar, lemuel_round_altar, uniq_psyche
D:9:      layout_cave_pools, kennysheep_generic_room_15
D:10:     layout_cave_pods
D:11:     layout_loops_corners, david_lair_shrubbed, orc_david_3, serial_shops,
          shop, minmay_pinched_square
D:12:     layout_long_grid, ebering_dispersal_statue_hall
D:13:     layout_gridville, lightli_vaults_fourway_checkpoint, minivault_11,
          nzn_random_ring
D:14:     kennysheep_ambush_hall, layout_long_grid, gammafunk_ghost_spectres,
          minmay_crystal_water, uniq_roxanne, uniq_jorgrun, uniq_snorg
D:15:     hangedman_depths_entry_try_elsewhere_first, layout_loops_ring,
          serial_shops, shop, nrook_campfire

Skill      XL: |  1  2  3  4  5  6  7  8  9 10 11 12 13 14 |
---------------+-------------------------------------------+-----
Fighting       | 4 5 6 8 11 13 14 15 | 15.1
Armour         | 4 5 6 7 8 9 11 | 11.3
Shields        | 4 5 6 7 8 9 11 | 11.7
Long Blades    | 3 4 5 7 9 11 12 14 15 16 | 16.0
Evocations     | 2 5 6 8 9 |  9.6

Action                   |  1- 3 |  4- 6 |  7- 9 | 10-12 | 13-15 || total
-------------------------+-------+-------+-------+-------+-------++-------
Melee: Long sword        |    99 |   191 |   243 |   201 |       ||   734
       Headbutt          |    21 |    29 |    37 |   143 |    88 ||   318
       Scimitar          |       |       |       |   431 |   218 ||   649
       Demon blade       |       |       |       |       |   122 ||   122
Evoke: Wand              |       |       |     1 |       |     3 ||     4
  Use: Scroll            |       |     8 |     7 |    12 |     3 ||    30
       Potion            |       |       |     2 |     4 |     8 ||    14
 Stab: Invisible         |       |       |       |       |     1 ||     1
  Eat: Chunk             |     2 |     5 |     9 |    24 |    10 ||    50
       Ration            |       |       |       |     1 |     1 ||     2
Armor: Scale mail        |    61 |    18 |    63 |   149 |   109 ||   400
       Chain mail        |       |    82 |     6 |       |       ||    88
       Skin              |       |       |       |    21 |    33 ||    54
Dodge: Dodged            |    39 |    53 |    47 |   141 |   114 ||   394
Block: Kite shield       |    58 |   111 |   106 |   282 |   214 ||   771
       Rpst.: Long sword |    13 |    15 |    11 |     7 |       ||    46
       Scimitar          |       |       |       |    21 |    13 ||    34
       Demon blade       |       |       |       |       |     5 ||     5
